 Dungeon Crawl Stone Soup version 0.32-a0-305-gcc768c7156 (webtiles) character file.

Game seed: 9299650763504229023

765 demorobin the Chopper (level 7, -1/60 HPs)
             Began as a Minotaur Fighter on Feb 14, 2024.
             Succumbed to a scorpion's poison
             ... on level 5 of the Dungeon.
             The game lasted 00:08:45 (3202 turns).

demorobin the Chopper (Minotaur Fighter)            Turns: 3202, Time: 00:08:46

Health: -1/60      AC:  0    Str: 21 (22) XL:     7   Next: 52%
Magic:  6/6        EV: 14    Int:  3 (5)  God:
Gold:   228        SH:  0    Dex:  8 (10) Spells: 6/6 levels left

rFire   . . .        a - melded +3 war axe
rCold   . . .        c - melded +0 buckler
rNeg    . . .        D - melded +0 plate armour
rPois   .            (helmet currently unavailable)
rElec   .            q - melded +2 cloak
rCorr   .            (gloves currently unavailable)
SInv    .            g - melded +0 pair of boots
Will    .....        (no amulet)
Stlth   +            (ring currently unavailable)
HPRegen 0.30/turn    (ring currently unavailable)
MPRegen 0.10/turn

%: no passive effects
@: brilliant, lethally poisoned (-1 -> -7), pig-form (expiring), very quick
A: fast, no casting, small, (horns 2), (retaliatory headbutt)
a: no special abilities


You were on level 5 of the Dungeon.
You were a filthy swine.
You visited 1 branch of the dungeon, and saw 5 of its levels.

You collected 228 gold pieces.

Inventory:

Hand Weapons
 a - a +3 war axe (melded)
 r - a +0 heavy trident
 C - a +2 trident of pain
Missiles
 e - 61 stones
 i - 4 boomerangs (quivered)
 x - 2 poisoned darts
Armour
 c - a +0 buckler (melded)
 f - a +0 chain mail
 g - a +0 pair of boots (melded)
 k - a +0 ring mail
 q - a +2 cloak (melded)
 s - a +0 ring mail
 A - a +0 chain mail
 D - a +0 plate armour (melded)
Wands
 l - a wand of iceblast (10)
Scrolls
 o - 3 scrolls of teleportation
Potions
 b - 2 potions of mutation {unknown}
 d - 2 potions of might
 j - a potion of degeneration
 m - 2 potions of enlightenment
 p - a potion of invisibility {unknown}
 u - a potion of brilliance
 v - a potion of resistance {unknown}
 w - a potion of heal wounds {unknown}


   Skills:
 + Level 4.8 Fighting
 * Level 7.7 Axes
 * Level 2.7 Throwing
 + Level 4.9 Armour
 + Level 1.6 Dodging
 + Level 0.1 Stealth
 + Level 4.4 Shields


You had 6 spell levels left.
You didn't know any spells.
Your spell library contained the following spells:

 Spells                   Type           Power      Damage    Failure   Level
 Fugue of the Fallen      Necr           0%         N/A       88%         3
 Ozocubu's Armour         Ice            0%         N/A       88%         3
 Tukima's Dance           Hex            0%         N/A       88%         3
 Manifold Assault         Tloc           0%         N/A       99%         4
 Passage of Golubria      Tloc           0%         N/A       99%         4
 Yara's Violent Unravell  Hex/Alch       0%         3d3       100%        5


Dungeon Overview and Level Annotations

Branches:
Dungeon (5/15)
 Temple: D:4-7

Altars:
Fedhas

Shops:
D:2 [


Innate Abilities, Weirdness & Mutations

You are a filthy swine.
You move quickly.
Your equipment is almost entirely melded.
You are incapable of wielding weapons or throwing items.
You cannot cast spells.
((You have a pair of horns on your head.))
((You reflexively headbutt those who attack you in melee.))


Message History

The orc hits you with a +0 dagger. The scorpion stings you.
You take 8 damage, and have 26/60 hp.
You hit the orc.
You kill the orc!
The scorpion stings you!
You are poisoned.
The scorpion poisons you!
You take 7 damage, and have 19/60 hp.
You barely miss the scorpion.
You feel very sick. The scorpion closely misses you.
You take 3 damage, and have 16/60 hp.
You barely miss the scorpion.
You feel sick. The scorpion stings you.
* * * LOW HITPOINT WARNING * * *
You take 3 damage, and have 13/60 hp.
You completely miss the scorpion.
You feel sick. The scorpion closely misses you.
You take 2 damage, and have 11/60 hp.
You hit the scorpion.
The scorpion is lightly wounded.
You feel sick. The scorpion stings you!
* * * LOW HITPOINT WARNING * * *
You take 9 damage, and have 2/60 hp.
You feel better.
Your transformation is almost over.
The scorpion stings you!
* * * LOW HITPOINT WARNING * * *
You are lethally poisoned!
The scorpion poisons you! The scorpion misses you.
It was a potion of brilliance.
You feel clever all of a sudden.
* * * LOW HITPOINT WARNING * * *
You feel sick. The scorpion barely misses you.
You take 2 damage, and have 1/60 hp.
It was a potion of degeneration.
There was something very wrong with that liquid.
You feel weakened.
You feel dopey.
You feel clumsy.
You die...

█..█ █..█ █..█ ██..█
█...█ ██...█ █.
█████....████
█...███████......█....█
█...)h...)..████████..
█...s...█████ ███
█.........█ █..
..........█ █..
..........█ █..
█.........█ ██.
█.........█ ██
█..........


You could see a scorpion.

Vanquished Creatures
  An ogre (D:4)
  A centaur (D:5)
  2 scorpions (D:4)
  4 hounds
  2 orc priests
  An orc wizard (D:4)
  3 adders
  4 gnolls (D:3)
  5 dart slugs
  2 ribbon worms (D:2)
  13 orcs
  10 endoplasms
  4 giant cockroaches
  13 goblins
  10 hobgoblins
  14 jackals (D:1)
  A quokka (D:4)
  3 ball pythons
  3 bats
  5 frilled lizards
  5 kobolds
  7 rats
113 creatures vanquished.

Notes
Turn   | Place    | Note
-------+----------+-------------------------------------------
     0 | D:1      | demorobin the Minotaur Fighter began the quest for the Orb.
     0 | D:1      | Reached XP level 1. HP: 19/19 MP: 0/0
    68 | D:1      | Reached XP level 2. HP: 27/27 MP: 1/1
   144 | D:1      | Reached skill level 3 in Axes
   251 | D:1      | Reached XP level 3. HP: 27/33 MP: 2/2
   505 | D:1      | Reached XP level 4. HP: 40/40 MP: 3/3
   513 | D:1      | Reached skill level 1 in Throwing
   514 | D:1      | Reached skill level 4 in Axes
   532 | D:1      | Found a faded altar of an unknown god.
   759 | D:2      | Found Utepilaog's Armour Shoppe.
  1061 | D:3      | Reached skill level 1 in Dodging
  1061 | D:3      | Reached XP level 5. HP: 17/46 MP: 4/4
  1272 | D:3      | Reached skill level 5 in Axes
  1566 | D:3      | Found a blossoming altar of Fedhas.
  1698 | D:4      | Noticed an ogre
  1710 | D:4      | Killed an ogre
  1711 | D:4      | Reached skill level 6 in Axes
  1711 | D:4      | Reached XP level 6. HP: 26/52 MP: 5/5
  2476 | D:4      | Identified the +3 war axe "Ydyss" {heavy, *Noise rElec rF++
                  | rN+}
  2807 | D:4      | Reached XP level 7. HP: 56/60 MP: 6/6
  2809 | D:4      | Reached skill level 7 in Axes
  3005 | D:5      | Entered Level 5 of the Dungeon
  3199 | D:5      | HP: 2/60 [scorpion (8)]
  3202 | D:5      | Succumbed to a scorpion's poison

Illustrated notes

Levels and vault maps discovered:
D:1:      dpeg_arrival_pond, layout_basic, ebering_ecumenical_altar_webs
D:2:      layout_basic, serial_shops, shop
D:3:      layout_rooms, mainiacjoe_overflow_six_doors_small
D:4:      nicolae_cairo_tiling_very_big, layout_cave_pods, serial_park,
          serial_park_square3 [serial_park_minivault_5x5_3], serial_park_tiny_2,
          serial_park_tiny_2, chequers_serial_rivers_room_a,
          supply_closet_lemuel, chequers_arboretum, minmay_misc_feat_five,
          kennysheep_small_square
D:5:      layout_cave_pods, nicolae_overflow_hidden_temple, minitemple,
          minmay_temple_entry_tees, uniq_crazy_yiuf_cottage

Skill      XL: |  1  2  3  4  5  6  7 |
---------------+----------------------+-----
Axes           | 3 4 6 7 |  7.7
Shields        | 4 |  4.4
Armour         | 4 |  4.9
Throwing       | 1 2 |  2.7
Dodging        | 1 |  1.6
Fighting       | 4 |  4.8
Stealth        | |  0.1

Action                     |  1- 3 |  4- 6 |  7- 9 || total
---------------------------+-------+-------+-------++-------
  Melee: War axe           |    58 |   109 |    26 ||   193
         Headbutt          |     7 |    12 |     3 ||    22
         Unarmed           |       |       |    12 ||    12
  Throw: Stone             |       |     4 |       ||     4
         Boomerang         |       |    14 |       ||    14
    Use: Scroll            |       |     9 |     1 ||    10
         Potion            |       |     3 |     3 ||     6
 Armour: Chain mail        |    58 |   118 |       ||   176
         Scale mail        |     3 |       |       ||     3
         Plate armour      |       |     6 |    27 ||    33
         Skin              |       |       |     9 ||     9
  Dodge: Dodged            |    41 |    54 |    24 ||   119
  Block: Buckler           |    16 |    30 |     5 ||    51

Table legend: (Time is in decaauts)
 A = Elapsed time spent in this place.
 B = Non-inter-level travel time spent in this place.
 C = Inter-level travel time spent in this place.
 D = Time resting spent in this place.
 E = Time spent auto-exploring this place.
 F = Levels seen in this place.
 G = Mean time per level.
                   A        B        C        D        E       F      G
               +--------+--------+--------+--------+--------+-----+--------+
         Total |   3254 |   3214 |     40 |    373 |   1606 |   5 |  650.8 |
       Dungeon |   3254 |   3214 |     40 |    373 |   1606 |   5 |  650.8 |
               +--------+--------+--------+--------+--------+-----+--------+

Top non-repeatable levels by time:
     D:4: 1329 daAuts
     D:1: 728 daAuts
     D:3: 688 daAuts
     D:2: 311 daAuts
     D:5: 196 daAuts
